 Dungeon Crawl Stone Soup version 0.22.1-1-ga44c0e56f4 (webtiles) character file.

262 Knicklaso the Cutter (level 6, -1/41 HPs)
             Began as a Halfling Abyssal Knight on Sept 26, 2018.
             Was a Follower of Lugonu.
             Slain by Duvessa
             ... wielding a +2 short sword of flaming
              (18 damage)
             ... on level 3 of the Dungeon.
             The game lasted 00:10:09 (3765 turns).

Knicklaso the Cutter (Halfling Abyssal Knight)      Turns: 3765, Time: 00:10:09

Health: -1/41      AC:  7    Str: 13      XL:     6   Next: 42%
Magic:  9/9        EV: 20    Int: 10      God:    Lugonu [*.....]
Gold:   74         SH:  3    Dex: 25 (26) Spells: 5/5 levels left

rFire    . . .     SeeInvis .   a - +1 short sword
rCold    . . .     Gourm    .   (shield restricted)
rNeg     . . .     Faith    .   h - +0 ring mail
rPois    .         Spirit   .   l - +2 hat
rElec    .         Reflect  +   (no cloak)
rCorr    .         Harm     .   (no gloves)
MR       .....                  (no boots)
Stlth    ++++......             A - +3 amulet of reflection
HPRegen  0.13/turn              q - +2 ring of evasion
MPRegen  0.11/turn              s - +5 ring of dexterity

@: agile
A: small, mutation resistance 1
a: Depart the Abyss, Renounce Religion


You were on level 3 of the Dungeon.
You worshipped Lugonu.
Lugonu was aware of your devotion.
You were not hungry.

You visited 1 branch of the dungeon, and saw 4 of its levels.
You visited the Abyss 1 time.

You collected 246 gold pieces.
You spent 172 gold pieces at shops.

Inventory:

Hand Weapons
 a - a +1 short sword (weapon)
 b - a +0 hunting sling
Missiles
 k - 86 stones (quivered)
 v - 12 sling bullets
Armour
 g - a +0 leather armour
 h - a +0 ring mail (worn)
 l - a +2 hat (worn)
Jewellery
 q - a +2 ring of evasion (left hand)
 s - a +5 ring of dexterity (right hand)
 y - an uncursed ring of ice {unknown}
 A - a +3 amulet of reflection (around neck)
 B - an uncursed ring of magical power {unknown}
Scrolls
 d - 9 scrolls of identify {unknown}
 m - 3 scrolls of teleportation {unknown}
 n - a scroll of remove curse {unknown}
 t - a scroll of amnesia {unknown}
 u - a scroll of immolation {unknown}
 x - a scroll of noise {unknown}
Potions
 e - a potion of haste {unknown}
 f - a potion of heal wounds {unknown}
 i - a potion of might {unknown}
 j - 3 potions of lignification {unknown}
 o - 2 potions of agility
 p - a potion of degeneration {unknown}
 r - 4 potions of curing {unknown}
 w - 2 potions of brilliance {unknown}
Comestibles
 c - 8 rations


   Skills:
 - Level 2.6 Fighting
 + Level 4.8 Short Blades
 - Level 2.1 Armour
 - Level 1.1 Dodging
 + Level 3.9 Stealth
 + Level 4.2 Invocations


You had 5 spell levels left.
You didn't know any spells.
Your spell library was empty.

Dungeon Overview and Level Annotations

Branches:
Dungeon (4/15)
 Temple: D:4-7

Altars:
Ashenzari
Cheibriados
Makhleb
Nemelex Xobeh
Vehumet

Shops:
D:4 %==

Annotations:
D:2 1 exclusion
D:3 1 runed door, Duvessa; riffraff's ghost, amateur DrFi
D:4 Eustachio


Innate Abilities, Weirdness & Mutations

You are small and have problems with some larger weapons.
You are somewhat resistant to further mutation.


Message History

Duvessa barely misses you.
You hit Duvessa but do no damage.
Duvessa hits you with a short sword of flaming.
Duvessa burns you. Duvessa barely misses you.
You puncture Duvessa!
Duvessa is lightly wounded.
Duvessa completely misses you.
You hit Duvessa but do no damage.
Duvessa is lightly wounded.
You block Duvessa's attack.
You hit Duvessa but do no damage.
Duvessa is lightly wounded.
Duvessa misses you.
You hit Duvessa.
Duvessa is lightly wounded.
Duvessa misses you.
You hit Duvessa but do no damage.
Duvessa is lightly wounded.
Duvessa hits you with a short sword of flaming!!
You die...

##......#######...# #..###
#####..........# ###.## #.....
#...........##.# #..####....
#...........##.## ##.........
#............#..########.......
#........).#.)..##........##...
####..#.#...##.....####..###...
##..##.#.#........###..####...
#..###.#.##.e@.....#........##
#.## #.#.#..##.#.......####.#
#.# #...................##<##
#.# #....####.#..#...#..##.##
#.# ###.## ##...###.###....##
#.######## #.....#...#..####.
#.....#######.##...._....####.
#####.............#...#.......
#########.##.###.###......


You could see Duvessa (berserk).

Vanquished Creatures
  An ogre (D:4)
  Dowan (D:4)
  An orc priest (D:4)
  3 adders
  An ooze (D:2)
  An adder skeleton (D:4)
  2 dart slugs
  2 leopard geckos
  4 orcs
  4 giant cockroaches
  6 goblins
  4 hobgoblins
  11 kobolds
  2 quokkas (D:2)
  A ball python (D:1)
  6 bats
  4 frilled lizards
  7 rats
61 creatures vanquished.

Vanquished Creatures (others)
  2 withered plants (D:3)
2 creatures vanquished.

Grand Total: 63 creatures vanquished

Notes
Turn   | Place    | Note
-------+----------+-------------------------------------------
     0 | Abyss:1  | Knicklaso the Halfling Abyssal Knight began the quest for
                  | the Orb.
     0 | Abyss:1  | Reached XP level 1. HP: 15/15 MP: 2/2
    45 | Abyss:1  | Noticed a quicksilver dragon zombie
    46 | D:1      | Escaped the Abyss
   174 | D:1      | Reached XP level 2. HP: 19/20 MP: 3/3
   215 | D:1      | Reached skill level 1 in Stealth
   351 | D:1      | Reached * piety under Lugonu
   989 | D:1      | Reached XP level 3. HP: 25/25 MP: 4/4
  1417 | D:2      | Found a shattered altar of Ashenzari.
  1699 | D:2      | Reached XP level 4. HP: 30/30 MP: 6/6
  2325 | D:3      | Found a burning altar of Makhleb.
  2371 | D:3      | Found a sparkling altar of Nemelex Xobeh.
  2463 | D:3      | Found a radiant altar of Vehumet.
  2534 | D:3      | Reached ** piety under Lugonu
  2600 | D:3      | Found a runed door.
  2600 | D:3      | Noticed riffraff's ghost (amateur DrFi)
  2613 | D:3      | Found a snail-covered altar of Cheibriados.
  2693 | D:4      | Found Muosoh's Jewellery Shoppe.
  2695 | D:4      | Noticed Eustachio
  2768 | D:4      | Noticed Dowan
  2827 | D:4      | Killed Dowan
  2827 | D:4      | Reached XP level 5. HP: 9/35 MP: 7/7
  3091 | D:4      | Noticed an ogre
  3107 | D:4      | Killed an ogre
  3107 | D:4      | Reached XP level 6. HP: 18/41 MP: 7/9
  3291 | D:4      | Bought a +3 amulet of reflection for 172 gold pieces
  3330 | D:4      | Found Docsagug's Food Boutique.
  3628 | D:4      | Found Eryrr's Jewellery Shoppe.
  3742 | D:4      | Noticed Duvessa
  3765 | D:3      | Slain by Duvessa

Skill      XL: |  1  2  3  4  5 |
---------------+----------------+-----
Stealth        | 1 2 3 |  3.9
Short Blades   | 3 4 |  4.8
Invocations    | 3 4 |  4.2
Fighting       | |  2.6
Armour         | |  2.1
Dodging        | |  1.1

Action                   |  1- 3 |  4- 6 || total
-------------------------+-------+-------++-------
Melee: Short sword       |   106 |   135 ||   241
 Fire: Hunting sling     |    12 |    18 ||    30
Invok: Depart the Abyss  |     1 |       ||     1
  Use: Potion            |       |     1 ||     1
 Stab: Sleeping          |     4 |     2 ||     6
  Eat: Chunk             |     2 |     7 ||     9
Armor: Leather armour    |     9 |       ||     9
       Ring mail         |    26 |    51 ||    77
Dodge: Dodged            |    71 |   108 ||   179
Block: Other             |       |    16 ||    16
